 Dungeon Crawl Stone Soup version 0.25-a0-781-gc44aebf4fe (webtiles) character file.

Game seed: 11960814321609299338, levelgen mode: deterministic

2993 Joeren the Insei (level 9, -3/46 HPs)
             Began as a Vine Stalker Transmuter on Apr 15, 2020.
             Was a Priest of Ru.
             Slain by a manticore (19 damage)
             ... on level 9 of the Dungeon.
             The game lasted 00:55:46 (7733 turns).

Joeren the Insei (Vine Stalker Transmuter)          Turns: 7733, Time: 00:55:47

Health: -3/46      AC:  2    Str: 14    XL:     9   Next: 83%
Magic:  0/17       EV: 24    Int: 15    God:    Ru [***...]
Gold:   382        SH:  0    Dex: 25    Spells: 5/18 levels left

rFire    . . .     SeeInvis .     - Unarmed
rCold    . . .     Gourm    .   (shield currently unavailable)
rNeg     . . .     Faith    .   (armour currently unavailable)
rPois    x         Spirit   +   (helmet currently unavailable)
rElec    .         Reflect  .   (cloak currently unavailable)
rCorr    .         Harm     .   (gloves currently unavailable)
MR       +....                  (boots currently unavailable)
Stlth    ++........             (no amulet)
HPRegen  0.55/turn              x - +5 ring of dexterity
MPRegen  0.15/turn              j - ring of flight

@: spider-form, no potions
A: tiny, regeneration 1, magic shield, no potion heal 3, rot immunity, inability
to drink while threatened, unskilled 1
a: End Transformation, Draw Out Power, Renounce Religion, Evoke Flight


You were on level 9 of the Dungeon.
You worshipped Ru.
Ru was most pleased with you.
You were not hungry.
You were a venomous arachnid creature.
You visited 2 branches of the dungeon, and saw 10 of its levels.

You collected 382 gold pieces.

Inventory:

Hand Weapons
 e - a +0 hunting sling
 k - a +0 dagger
 A - a +1 hunting sling
Missiles
 a - 32 arrows
 f - 13 boomerangs (quivered)
 i - 427 stones
 B - 37 sling bullets
 G - 30 poisoned darts
Armour
 b - a +0 robe
 q - a +0 cloak of poison resistance (melded)
 I - a +0 pair of gloves (melded)
 M - a +4 scale mail of poison resistance
 N - a +2 robe of magic resistance (melded)
Jewellery
 c - a +2 ring of strength
 j - a ring of flight (right front leg)
 o - an uncursed ring of stealth
 x - a +5 ring of dexterity (left front leg)
Wands
 y - a wand of flame (13)
 F - a wand of paralysis (5)
 H - a wand of random effects (22)
Scrolls
 g - 2 scrolls of fog {unknown}
 h - 4 scrolls of remove curse
 l - a scroll of immolation {unknown}
 m - 9 scrolls of identify
 u - a scroll of enchant weapon
 v - 2 scrolls of teleportation
 D - a scroll of fear {unknown}
 K - a scroll of amnesia {unknown}
Potions
 n - 2 potions of berserk rage
 p - a potion of degeneration {unknown}
 r - 4 potions of curing
 s - a potion of heal wounds {unknown}
 t - a potion of stabbing
 w - a potion of mutation {unknown}
 z - 2 potions of brilliance
 C - a potion of resistance {unknown}
 E - a potion of haste
 J - a potion of experience {unknown}
 L - a potion of flight {unknown}
 O - 2 potions of might {unknown}
Comestibles
 d - 12 rations


   Skills:
 + Level 4.4 Fighting
 + Level 4.2 Dodging
 + Level 5.5 Unarmed Combat
 + Level 5.2 Spellcasting
 + Level 5.5 Transmutations
 * Level 3.6 Ice Magic
 - Level 2.7 Poison Magic


You had 5 spell levels left.
You knew the following spells:

 Your Spells              Type           Power        Failure   Level  Hunger
a - Beastly Appendage     Tmut           ###...       7%          1    None
b - Spider Form           Tmut/Pois      ###.......   22%         3    ###....
c - Ice Form              Ice/Tmut       ###.....     45%         4    ####...
d - Blade Hands           Tmut           ###.......   65%         5    ######.

Your spell library contained the following spells:

 Spells                   Type           Power        Failure   Level  Hunger
 Sticks to Snakes         Tmut           ###.....     10%         2    ##.....
 Sting                    Tmut/Pois      ###.         11%         1    None
 Poisonous Vapours        Pois/Air       #.....       32%         2    ##.....
 Ignite Poison            Fire/Tmut/Pois ##......     34%         3    ###....
 Mephitic Cloud           Conj/Pois/Air  #.......     54%         3    ###....
 Olgreb's Toxic Radiance  Pois           ##......     67%         4    ####...


Dungeon Overview and Level Annotations

Branches:
Dungeon (9/15)             Temple (1/1) D:5
   Lair: D:8-11         Orc: D:9-12

Altars:
Ashenzari
Cheibriados
Dithmenos
Elyvilon
Fedhas
Gozag
Hepliaklqana
Kikubaaqudgha
Makhleb
Nemelex Xobeh
Okawaru
Qazlal
Ru
Sif Muna
Trog
Uskayaw
Vehumet
Wu Jian
Xom
Yredelemnul
The Shining One

Shops:
D:9 *:


Innate Abilities, Weirdness & Mutations

((You have razor-sharp teeth.))
Your natural rate of healing is unusually fast.
When hurt, damage is shared between your health and your magic reserves.
((Your bite disrupts and absorbs the magic of your enemies.))
Potions cannot restore your health.
You are immune to rotting.
You cannot drink potions while threatened.
You are somewhat unskilled. (-1 Apt)


Message History

The manticore barely misses you. The manticore claws you!
You feel threatened and lose the ability to drink potions!
You hit the manticore.
The manticore is moderately wounded.
The manticore closely misses you. The manticore claws you! x2
You redirect the manticore's attack!
Casting: Beastly Appendage (safe; 1% risk of failure)
Confirm with . or Enter, or press ? or * to list all spells.
Your horns disappear.
You turn into a venomous arachnid creature.
Your +0 cloak of poison resistance melds into your body.
Your +0 pair of gloves melds into your body.
Your +2 robe of magic resistance melds into your body.
You no longer feel resistant to poison.
You feel less resistant to hostile enchantments.
The manticore is stunned by your will and fails to attack.
You hit the manticore but do no damage.
The manticore is moderately wounded.
The manticore bites you!!
You die...

. #.... ..... ..
#...######.... ...
#...#....#.... ...H
#...#....#.... .....
+...#....#....
......#####+##...#....#....
.........Hs......####'#....
#..........................
#...........#####..........
########....# #...#######
#....# #...# ####.# #####
###


You could see a manticore.

Vanquished Creatures
  Grinder (D:4)
  Eustachio (D:3)
  Duvessa (D:5)
  A water moccasin (D:9)
  The ghost of Majang the Sneak, an amateur SpEE of Vehumet (D:4)
  A sky beast (D:7)
  3 ice beasts
  A phantom (D:4)
  2 ogres
  An eye of draining (D:7)
  A crocodile (D:7)
  The ghost of omer1ben the Sneak, an amateur OpFE (D:3)
  3 bullfrogs
  Dowan (D:5)
  4 scorpions
  A howler monkey (D:4)
  A crimson imp (D:7)
  A jelly (D:5)
  A quasit (D:6)
  A bullfrog zombie (D:6)
  4 hounds
  Crazy Yiuf (D:2)
  5 orc priests
  3 orc wizards
  2 iguanas
  2 worker ants (D:5)
  A killer bee zombie (D:7)
  2 hound skeletons (D:7)
  A hound zombie (D:5)
  Robin (D:4)
  6 gnolls
  A howler monkey skeleton (D:7)
  9 adders
  2 shadow imps
  2 adder zombies (D:6)
  An adder skeleton (D:5)
  8 worms
  2 dart slugs
  6 leopard geckos
  14 orcs
  7 bats
  11 giant cockroaches
  17 goblins
  18 hobgoblins
  3 jackals (D:3)
  11 kobolds
  2 quokkas
  4 ball pythons
  7 frilled lizards
  7 rats
188 creatures vanquished.

Notes
Turn   | Place    | Note
-------+----------+-------------------------------------------
     0 | D:1      | Joeren the Vine Stalker Transmuter began the quest for the
                  | Orb.
     0 | D:1      | Reached XP level 1. HP: 9/9 MP: 4/4
    51 | D:1      | Reached skill level 1 in Fighting
    73 | D:1      | Reached XP level 2. HP: 5/14 MP: 3/6
   788 | D:1      | Reached XP level 3. HP: 13/18 MP: 4/7
  1036 | D:1      | Learned a level 3 spell: Spider Form
  1450 | D:2      | Found an ornate altar of the Wu Jian Council.
  1713 | D:2      | Gained mutation: Your natural rate of healing is unusually
                  | fast. [Vine Stalker growth]
  1713 | D:2      | Reached XP level 4. HP: 22/22 MP: 9/9
  1838 | D:2      | Reached skill level 1 in Poison Magic
  1905 | D:2      | Found a runed translucent door.
  1906 | D:2      | Noticed Crazy Yiuf
  1916 | D:2      | Killed Crazy Yiuf
  2021 | D:2      | Found a burning altar of Makhleb.
  2244 | D:2      | Reached XP level 5. HP: 26/26 MP: 8/10
  2760 | D:3      | Noticed omer1ben's ghost (amateur OpFE)
  2767 | D:3      | Found a transporter.
  2793 | D:3      | Found a transporter.
  2832 | D:4      | Noticed Robin
  2832 | D:4      | Noticed Eustachio
  2848 | D:3      | Killed Eustachio
  2848 | D:3      | Reached XP level 6. HP: 30/30 MP: 5/11
  2911 | D:3      | Killed omer1ben's ghost
  3066 | D:3      | Found a shimmering blue altar of Sif Muna.
  3278 | D:4      | Found a large runed translucent door.
  3279 | D:4      | Found a large runed translucent door.
  3281 | D:4      | Noticed Majang's ghost (amateur SpEE)
  3305 | D:4      | Killed Majang's ghost
  3305 | D:4      | Reached XP level 7. HP: 9/35 MP: 2/13
  3640 | D:5      | Entered Level 5 of the Dungeon
  3666 | D:4      | Noticed Grinder
  3717 | D:4      | Killed Grinder
  3717 | D:4      | Gained mutation: You have razor-sharp teeth. [Vine Stalker
                  | growth]
  3717 | D:4      | Reached XP level 8. HP: 40/40 MP: 11/15
  4051 | D:4      | Found a stormy altar of Qazlal.
  4140 | D:5      | Found a radiant altar of Vehumet.
  4185 | D:4      | Killed Robin
  4382 | D:5      | Found a hazy altar of Hepliaklqana.
  4562 | D:5      | Found a staircase to the Ecumenical Temple.
  4587 | Temple   | Entered the Ecumenical Temple
  4703 | Temple   | Became a worshipper of Ru the Awakened
  4730 | D:5      | Noticed Duvessa
  4730 | D:5      | Noticed Dowan
  4827 | D:6      | Reached skill level 5 in Unarmed Combat
  4834 | D:6      | Learned a level 4 spell: Ice Form
  4840 | D:6      | Learned a level 5 spell: Blade Hands
  4941 | D:6      | Reached skill level 5 in Transmutations
  5047 | D:6      | You fall into a shaft and drop 1 floor!
  5518 | D:6      | Reached skill level 1 in Ice Magic
  5550 | D:6      | Gained mutation: You cannot drink potions while threatened.
                  | [Ru sacrifice]
  5550 | D:6      | Reached * piety under Ru
  5814 | D:5      | Reached skill level 5 in Spellcasting
  5814 | D:5      | Reached XP level 9. HP: 45/45 MP: 13/17
  6003 | D:5      | Killed Dowan
  6005 | D:5      | Killed Duvessa
  6164 | D:5      | Found a snail-covered altar of Cheibriados.
  7443 | D:8      | Noticed an elephant
  7567 | D:9      | Found Orett's Book Shoppe.
  7627 | D:9      | Found Ytyguffo's General Store.
  7662 | D:9      | Gained mutation: You are somewhat unskilled. (-1 Apt) [Ru
                  | sacrifice]
  7662 | D:9      | Reduced skill Unarmed Combat to level 5
  7662 | D:9      | Reduced skill Transmutations to level 5
  7662 | D:9      | Reached ** piety under Ru
  7662 | D:9      | Reached *** piety under Ru
  7720 | D:9      | Noticed a manticore
  7733 | D:9      | Slain by a manticore

Levels and vault maps discovered:
D:1:      minmay_arrival_four_loops, layout_rooms
D:2:      layout_loops_ring, overflow_temple_1_default, old_standard_altar,
          uniq_crazy_yiuf_cottage
D:3:      layout_loops_ring, lemuel_coloured_pillars_altar,
          gammafunk_ghost_arena
D:4:      layout_rooms, ebering_ghost_disaster_area, gup_sewer_entry_pipe,
          grunt_qazlal_sundering, uniq_robin, uniq_grinder, uniq_eustachio
D:5:      layout_basic, nicolae_overflow_crystal_walls,
          minmay_temple_entry_mist, first_ration, basic_altar,
          vehumet_altar_wand_db, uniq_duvessa
D:6:      layout_basic
D:7:      minmay_skewed_foursquare, layout_basic
D:8:      layout_cave_pools, old_standard_altar, david_lair_generic
D:9:      layout_irregular_city, zin_scriptorium, zombieorc2_lemuel,
          serial_shops, shop, shop, shop_coins, kennysheep_mini_moat, shop,
          hangedman_minor_magic
Temple:   nicolae_temple_x_marks_the_god

Skill      XL: |  1  2  3  4  5  6  7  8  9 |
---------------+----------------------------+-----
Fighting       | 1 2 3 4 |  4.4
Dodging        | 2 3 4 |  4.2
Poison Magic   | 1 2 3 2 |  2.7
Transmutations | 3 4 5 5 |  5.5
Spellcasting   | 3 4 5 |  5.2
Unarmed Combat | 4 5 5 |  5.5
Ice Magic      | 2 3 |  3.6

Action                   |  1- 3 |  4- 6 |  7- 9 || total
-------------------------+-------+-------+-------++-------
Melee: Unarmed           |   110 |   156 |   365 ||   631
       Bite              |    25 |    27 |    50 ||   102
       Kick              |    11 |    11 |    31 ||    53
       Headbutt          |     5 |     7 |    18 ||    30
       Punch             |     2 |     3 |     6 ||    11
Throw: Boomerang         |     5 |    10 |    20 ||    35
 Cast: Beastly Appendage |    23 |    19 |    38 ||    80
       Spider Form       |       |     6 |    23 ||    29
Invok: Sacrifice Drink   |       |       |     1 ||     1
       Sacrifice Skill   |       |       |     1 ||     1
 Abil: End Transformatio |       |       |     6 ||     6
  Use: Potion            |       |     2 |     2 ||     4
       Scroll            |       |       |     6 ||     6
 Stab: Distracted        |     1 |       |       ||     1
       Sleeping          |     1 |       |     1 ||     2
  Eat: Chunk             |     3 |     5 |    15 ||    23
       Ration            |       |       |     1 ||     1
Armor: Robe              |    18 |    13 |    34 ||    65
       Skin              |       |     3 |     9 ||    12
Dodge: Dodged            |    60 |    86 |   290 ||   436

Table legend:
 A = Non-vault XP
 B = Vault XP
 C = Vault XP percentage of total XP
 D = Non-vault monster count
 E = Vault monster count
 F = Vault count percentage of total count
                 A         B        C        D         E       F
            +---------+---------+-------+---------+---------+-------
      Total |    3148 |    1128 |  26.4 |     155 |      33 |  17.6
            +---------+---------+-------+---------+---------+-------
        D:1 |      45 |       0 |   0.0 |      29 |       0 |   0.0
        D:2 |      81 |      41 |  33.6 |      29 |       1 |   3.3
        D:3 |      98 |     304 |  75.6 |      24 |       5 |  17.2
        D:4 |     375 |     491 |  56.7 |      17 |      19 |  52.8
        D:5 |     662 |     226 |  25.5 |      13 |       5 |  27.8
        D:6 |     605 |       0 |   0.0 |      15 |       0 |   0.0
        D:7 |    1050 |      66 |   5.9 |      26 |       3 |  10.3
        D:9 |     232 |       0 |   0.0 |       2 |       0 |   0.0
            +---------+---------+-------+---------+---------+-------
